 Dungeon Crawl Stone Soup version 0.28.0-53-g5a82cb258f (webtiles) character file.

Game seed: 12496806404801233610

220 cbfl8 the Poker (level 5, -1/41 HPs)
             Began as a Merfolk Gladiator on Nov 29, 2022.
             Succumbed to a gnoll's poison
             ... on level 4 of the Dungeon.
             The game lasted 00:03:55 (3438 turns).

cbfl8 the Poker (Merfolk Gladiator)                 Turns: 3438, Time: 00:03:56

Health: -1/41      AC: 11    Str: 15 (16) XL:     5   Next: 97%
Magic:  5/5        EV:  7    Int:  5 (8)  God:
Gold:   131        SH:  0    Dex: 13 (15) Spells: 4/4 levels left

rFire   . . .      SeeInvis .   a - +1 trident
rCold   + . .      Faith    .   (no shield)
rNeg    . . .      Spirit   .   j - +2 chain mail {rC+}
rPois   .          Reflect  .   c - +0 helmet
rElec   .          Harm     .   (no cloak)
rCorr   .          Rampage  .   (no gloves)
Will    .....                   (no boots)
Stlth   ..........              (no amulet)
HPRegen 0.13/turn               (no ring)
MPRegen 0.09/turn               (no ring)

@: lethally poisoned (-1 -> -8)
A: (nimble swimmer 2), mertail
a: no special abilities


You were on level 4 of the Dungeon.
You visited 1 branch of the dungeon, and saw 4 of its levels.

You collected 131 gold pieces.

Inventory:

Hand Weapons
 a - a +1 trident (weapon)
Missiles
 d - 3 throwing nets (quivered)
Armour
 c - a +0 helmet (worn)
 j - a +2 chain mail of cold resistance (worn)
Scrolls
 b - a scroll of enchant armour {unknown}
 f - a scroll of enchant weapon
 g - a scroll of summoning
 h - a scroll of blinking {unknown}
 k - a scroll of immolation {unknown}
 l - a scroll of teleportation {unknown}
Potions
 e - a potion of attraction {unknown}


   Skills:
 * Level 3.1 Fighting
 * Level 7.4 Polearms
 + Level 2.1 Throwing
 + Level 1.2 Armour
 + Level 4.6 Dodging
 + Level 0.7 Stealth
 * Level 0.9 Evocations


You had 4 spell levels left.
You didn't know any spells.
Your spell library contained the following spells:

 Spells                   Type           Power      Damage    Failure   Level
 Ensorcelled Hibernation  Hex/Ice        0%         N/A       100%        2
 Spider Form              Tmut/Pois      0%         N/A       100%        3
 Summon Guardian Golem    Hex/Summ       0%         N/A       100%        3
 Anguish                  Hex/Necr       0%         N/A       100%        4
 Orb of Destruction       Conj           0%         9d5       100%        7
 Spellforged Servitor     Conj/Summ      0%         N/A       100%        7


Dungeon Overview and Level Annotations

Branches:
Dungeon (4/15)
 Temple: D:4-7

Altars:
Sif Muna

Shops:
D:4 :


Innate Abilities, Weirdness & Mutations

((You are very nimble when in or above water. (Stealth+, EV+, Speed+++)))
Your lower body shifts to a powerful aquatic tail in water.


Message History

The scorpion is almost dead.
You feel sick. The scorpion barely misses you.
A gnoll comes into view. It is wielding a +0 halberd of venom.
The gnoll shouts!
You hit the scorpion.
You kill the scorpion!
You feel sick.
Your Fighting skill increases to level 3!
You hit the gnoll.
The gnoll is moderately wounded.
You feel sick. The gnoll closely misses you.
Sorry, you're not good enough to have a special ability.
Unknown command.
Okay, then.
As you read the scroll labelled AGEUKKEYDO, it crumbles to dust.
It is a scroll of enchant weapon.
Your +0 trident glows red for a moment.
You feel sick.
The gnoll hits you from afar with a +0 halberd of venom!
You are lethally poisoned!
The gnoll barely misses you.
As you read the scroll labelled QASYLO ARA DYRGH, it crumbles to dust.
Wisps of shadow whirl around you...
It was a scroll of summoning.
* * * LOW HITPOINT WARNING * * *
You feel very sick. The gnoll barely misses you.
The gnoll hits you with a +0 club.
* * * LOW HITPOINT WARNING * * *
You swap places.
* * * LOW HITPOINT WARNING * * *
You feel very sick.
The gnoll completely misses your hobgoblin.
Your hobgoblin hits the gnoll but does no damage.
You swap places.
* * * LOW HITPOINT WARNING * * *
You feel sick.
The gnoll hits your hobgoblin with a +0 club.
Your hobgoblin barely misses the gnoll.
It was a potion of degeneration.
There was something very wrong with that liquid.
You feel weakened.
You feel dopey.
You feel clumsy.
You die...

###################
...................
###########..######
#######..# #........#
#.######.##########.##
#....@gggg....#
##########.###. # # #
#.. # #.# # #.# ## #
#.# ..##.# # #.#
#.##.#


You could see 2 gnolls and 2 friendly hobgoblins.

Vanquished Creatures
  A scorpion (D:4)
  A hound (D:4)
  Terence (D:3)
  A gnoll (D:4)
  An adder (D:3)
  4 dart slugs
  3 orcs
  5 bats
  3 endoplasms (D:1)
  5 giant cockroaches
  8 goblins
  10 hobgoblins
  6 jackals
  5 kobolds
  2 quokkas
  12 ball pythons
  2 frilled lizards
  4 rats
74 creatures vanquished.

Notes
Turn   | Place    | Note
-------+----------+-------------------------------------------
     0 | D:1      | cbfl8 the Merfolk Gladiator began the quest for the Orb.
     0 | D:1      | Reached XP level 1. HP: 16/16 MP: 1/1
   232 | D:1      | Reached XP level 2. HP: 22/22 MP: 2/2
   623 | D:1      | Reached skill level 5 in Polearms
   663 | D:1      | Reached XP level 3. HP: 25/28 MP: 3/3
  1650 | D:2      | Found a faded altar of an unknown god.
  1774 | D:2      | Reached XP level 4. HP: 33/34 MP: 4/4
  2370 | D:3      | Noticed Terence
  2390 | D:3      | Killed Terence
  2391 | D:3      | Reached skill level 6 in Polearms
  2826 | D:3      | Found a shimmering blue altar of Sif Muna.
  2830 | D:3      | Reached skill level 1 in Armour
  2836 | D:3      | Reached XP level 5. HP: 37/39 MP: 5/5
  3159 | D:4      | Found Hion's Self-Improvement Boutique.
  3425 | D:4      | Reached skill level 7 in Polearms
  3437 | D:4      | HP: 1/41 [poisoned by a gnoll]
  3438 | D:4      | Succumbed to a gnoll's poison

Illustrated notes

Levels and vault maps discovered:
D:1:      saegor_arrival_fortress, layout_basic
D:2:      layout_rooms, ebering_ecumenical_altar_sacrificial
D:3:      layout_basic, nicolae_sif_muna_condensation, uniq_terence
D:4:      layout_loops_ring, gammafunk_ghost_grave, nicolae_shop_self_help

Skill      XL: |  1  2  3  4  5 |
---------------+----------------+-----
Polearms       | 5 6 7 |  7.4
Armour         | 1 |  1.2
Fighting       | 3 |  3.1
Throwing       | |  2.1
Dodging        | |  4.6
Stealth        | |  0.7
Evocations     | |  0.9

Action                   |  1- 3 |  4- 6 || total
-------------------------+-------+-------++-------
Melee: Trident           |   152 |   128 ||   280
       Punch             |     1 |     1 ||     2
  Use: Potion            |       |     3 ||     3
       Scroll            |       |     2 ||     2
 Stab: Sleeping          |     2 |       ||     2
Armor: Leather armour    |    25 |    13 ||    38
       Chain mail        |       |    35 ||    35
Dodge: Dodged            |    70 |    50 ||   120
